 Dungeon Crawl Stone Soup version 0.31-a0-204-g7da18cac08 (webtiles) character file.

Game seed: 15429913987673250141

762 lunkers the Basher (level 8, 0/57 HPs)
             Began as a Meteoran Wanderer on June 27, 2023.
             Slain by a gnoll
             ... wielding a +0 flail
             ... led by a gnoll bouda
              (6 damage)
             ... on level 5 of the Dungeon.
             The game lasted 00:04:35 (1899 turns).

lunkers the Basher (Meteoran Wanderer)              Turns: 1899, Time: 00:04:35

Health: 0/57       AC:  6    Str: 15    XL:     8   Next: 29%
Magic:  12/17      EV: 10    Int: 16    God:
Gold:   235        SH:  0    Dex: 14    Spells: 14/17 levels left

rFire   . . .        a - +5 mace of Gozag's Envy {vamp, rPois Str+2 Int-3 Dex+3}
rCold   . . .        (no shield)
rNeg    . . .        c - +0 ring mail
rPois   +            (no helmet)
rElec   .            (no cloak)
rCorr   .            m - +0 pair of gloves
SInv    .            (no boots)
Will    +....        (no amulet)
Stlth   +            (no ring)
HPRegen 0.29/turn    (no ring)
MPRegen 0.15/turn

%: no passive effects
@: weakened, glowing
A: sense surroundings 1, otherworldly, glowing, explore regen
a: no special abilities


You were on level 5 of the Dungeon.
You visited 1 branch of the dungeon, and saw 5 of its levels.

You collected 235 gold pieces.

Inventory:

Hand Weapons
 a - the +5 mace of Gozag's Envy (weapon) {vamp, rPois Str+2 Int-3 Dex+3}
   (You took it off a kobold on level 2 of the Dungeon)

   Str:       It affects your strength (+2).
   Int:       It affects your intelligence (-3).
   Dex:       It affects your dexterity (+3).
   rPois:     It protects you from poison.
 f - a +1 spear of freezing
 k - a +0 club
Armour
 c - a +0 ring mail (worn)
 h - an orb of wrath
 m - a +0 pair of gloves (worn)
Scrolls
 d - 2 scrolls of teleportation {unknown}
 e - a scroll of brand weapon {unknown}
 i - 2 scrolls of fear {unknown}
 l - a scroll of immolation {unknown}
 n - a scroll of acquirement {unknown}
 o - a scroll of poison {unknown}
 r - a scroll of enchant armour {unknown}
 s - 2 scrolls of identify {unknown}
 u - a scroll of revelation {unknown}
Potions
 b - 2 potions of heal wounds
 g - a potion of lignification {unknown}
 j - 5 potions of degeneration {unknown}
 p - 3 potions of curing {unknown}
 q - a potion of invisibility {unknown}
 t - 2 potions of enlightenment {unknown}


   Skills:
 + Level 8.3 Maces & Flails
 - Level 1.2 Armour
 - Level 1.2 Dodging
 - Level 5.4 Spellcasting
 - Level 3.6 Fire Magic
 - Level 5.7 Earth Magic


You had 14 spell levels left.
You knew the following spells:

 Your Spells              Type           Power      Damage    Failure   Level
b - Passwall              Tmut/Erth      10%        N/A       13%         2
p - Sandblast             Erth           44%        2d11      2%          1

Your spell library contained the following spells:

 Spells                   Type           Power      Damage    Failure   Level
 Foxfire                  Conj/Fire      40%        2x1d6     13%         1
 Magic Dart               Conj           16%        1d3       28%         1
 Inner Flame              Hex/Fire       10%        N/A       36%         3
 Searing Ray              Conj           8%         2d4       38%         2
 Animate Armour           Summ/Erth      26%        N/A       65%         4
 Fulminant Prism          Conj/Hex       2%         3d5       95%         4


Dungeon Overview and Level Annotations

Branches:
Dungeon (5/15) Zot: 980
 Temple: D:4-7

Altars:
Okawaru

Shops:
D:5 :[


Innate Abilities, Weirdness & Mutations

You passively map a small area around you.
You are easily found by Zot.
You glow in the dark.
You regain HP and MP as you explore.


Message History

The gnoll closely misses you.
Aiming: Sandblast (safe; 2% risk of failure)
Press: ? - help, Q - select action, (/) - cycle Shift-Dir - straight line, f/p - scorpion
Aim: a scorpion (heavily wounded, 83% to hit)
The blast of sand misses the scorpion.
Your attacks no longer feel as feeble.
The scorpion stings you but does no damage.
The gnoll hits you with a +0 flail.
* * * LOW HITPOINT WARNING * * *
The gnoll closely misses you. The scorpion stings you.
* * * LOW HITPOINT WARNING * * *
The gnoll barely misses you.
Unknown command.
Aiming: Sandblast (safe; 2% risk of failure)
Press: ? - help, Q - select action, (/) - cycle Shift-Dir - straight line, f/p - scorpion
Aim: a scorpion (heavily wounded, 83% to hit)
The blast of sand hits the scorpion.
The scorpion is severely wounded.
The gnoll is no longer moving quickly.
The scorpion closely misses you.
The gnoll hits you from afar with a +0 spear.
* * * LOW HITPOINT WARNING * * *
The gnoll barely misses you.
The gnoll bouda hits you with a +0 whip.
* * * LOW HITPOINT WARNING * * *
The scorpion barely misses you. The gnoll hits you but does no damage.
Aiming: Sandblast (safe; 2% risk of failure)
Press: ? - help, Q - select action, (/) - cycle Shift-Dir - straight line, f/p - scorpion
Aim: a scorpion (severely wounded, 83% to hit)
The blast of sand hits the scorpion but does no damage.
The scorpion is severely wounded.
The gnoll barely misses you.
The gnoll bouda gazes fiercely through you!
You feel your attacks grow feeble.
The gnoll bouda hits you with a +0 whip!
* * * LOW HITPOINT WARNING * * *
The scorpion stings you but does no damage.
The gnoll hits you from afar with a +0 spear.
* * * LOW HITPOINT WARNING * * *
The gnoll hits you with a +0 flail.
You die...

#..⌠# , ##.### , ,
, #..+ ∩ + ,
#..###+ * , #
#...⌠#+# ..#
#g...#'#g...#
##gg....s....#
#####ggg###.....##
#...s@### .#####
#.##### , ## *, ,
* * *


You could see a gnoll bouda, a scorpion and 5 gnolls.

Vanquished Creatures
  Sigmund (D:2)
  Menkaure (D:5)
  2 black bears (D:4)
  4 hounds
  A jelly (D:3)
  An orc priest (D:3)
  An iguana (D:4)
  5 adders
  2 worms
  2 dart slugs (D:1)
  8 orcs
  An endoplasm (D:1)
  3 giant cockroaches
  4 goblins
  3 hobgoblins
  4 jackals (D:1)
  3 kobolds
  2 quokkas
  7 ball pythons
  3 bats
  2 frilled lizards
  7 rats
67 creatures vanquished.

Notes
Turn   | Place    | Note
-------+----------+-------------------------------------------
     0 | D:1      | lunkers the Meteoran Wanderer began the quest for the Orb.
     0 | D:1      | lunkers set off with the following items: a +0 club, a
                  | potion of heal wounds, a +0 ring mail; and the following
                  | spells available to memorise: Sandblast, Foxfire, Passwall,
                  | Inner Flame, Animate Armour.
     0 | D:1      | Reached XP level 1. HP: 14/14 MP: 6/6
    37 | D:1      | Learned a level 1 spell: Sandblast
    44 | D:1      | Found a faded altar of an unknown god.
    93 | D:1      | Reached XP level 2. HP: 20/20 MP: 1/8
   218 | D:1      | Reached XP level 3. HP: 26/26 MP: 7/9
   489 | D:1      | Glimpsed the power of Zot.
   517 | D:2      | Found an iron altar of Okawaru.
   566 | D:2      | Learned a level 2 spell: Passwall
   617 | D:2      | Noticed Sigmund
   621 | D:2      | Killed Sigmund
   622 | D:2      | Reached skill level 5 in Spellcasting
   622 | D:2      | Reached skill level 5 in Earth Magic
   622 | D:2      | Reached XP level 4. HP: 21/33 MP: 7/12
   622 | D:2      | Reached XP level 5. HP: 24/38 MP: 7/13
   622 | D:2      | Reached XP level 6. HP: 29/45 MP: 8/15
   630 | D:2      | Identified the +5 mace of Gozag's Envy {vamp, rPois Str+2
                  | Int-3 Dex+3}
   945 | D:3      | Reached skill level 2 in Maces & Flails
  1118 | D:3      | Reached skill level 3 in Maces & Flails
  1361 | D:4      | Noticed a black bear
  1367 | D:4      | Killed a black bear
  1368 | D:4      | Reached skill level 5 in Maces & Flails
  1368 | D:4      | Reached XP level 7. HP: 50/50 MP: 13/16
  1559 | D:4      | Reached skill level 6 in Maces & Flails
  1597 | D:4      | Reached skill level 7 in Maces & Flails
  1597 | D:4      | Reached XP level 8. HP: 16/57 MP: 17/17
  1735 | D:5      | Entered Level 5 of the Dungeon
  1737 | D:5      | Found Buxaema's Book Shop.
  1769 | D:5      | Noticed Menkaure
  1772 | D:5      | Killed Menkaure
  1773 | D:5      | Reached skill level 8 in Maces & Flails
  1851 | D:5      | Found Ficsan's Antique Armour Shoppe.
  1899 | D:5      | Slain by a gnoll

Illustrated notes

Levels and vault maps discovered:
D:1:      dpeg_arrival_rooms_b, layout_basic, ebering_ecumenical_altar_ruins,
          minmay_indecisive_spiral
D:2:      layout_loops_ring, basic_altar, fountainhead, uniq_sigmund
D:3:      layout_basic, serial_bayou_pond_e
D:4:      layout_loops_cross
D:5:      layout_basic, serial_shops, nicolae_shop_tiny_waterfront,
          nicolae_shop_real_fake_doors, shop, nicolae_shop_back_alley_shop,
          kennysheep_diamond, uniq_menkaure, uniq_crazy_yiuf_cottage

Skill      XL: |  1  2  3  4  5  6  7  8 |
---------------+-------------------------+-----
Earth Magic    | 3 5 |  5.7
Spellcasting   | 5 |  5.4
Maces & Flails | 5 7 8 |  8.3
Armour         | |  1.2
Dodging        | |  1.2
Fire Magic     | |  3.6

Action                     |  1- 3 |  4- 6 |  7- 9 || total
---------------------------+-------+-------+-------++-------
  Melee: Mace              |       |    25 |    53 ||    78
   Cast: Sandblast         |    30 |    29 |    20 ||    79
 Armour: Ring mail         |     4 |    14 |    37 ||    55
  Dodge: Dodged            |     4 |    15 |    40 ||    59

Table legend: (Time is in decaauts)
 A = Elapsed time spent in this place.
 B = Non-inter-level travel time spent in this place.
 C = Inter-level travel time spent in this place.
 D = Time resting spent in this place.
 E = Time spent auto-exploring this place.
 F = Levels seen in this place.
 G = Mean time per level.
                   A        B        C        D        E       F      G
               +--------+--------+--------+--------+--------+-----+--------+
         Total |   2017 |   1881 |    136 |     65 |   1341 |   5 |  403.4 |
       Dungeon |   2017 |   1881 |    136 |     65 |   1341 |   5 |  403.4 |
               +--------+--------+--------+--------+--------+-----+--------+

Top non-repeatable levels by time:
     D:1: 522 daAuts
     D:4: 513 daAuts
     D:2: 432 daAuts
     D:3: 380 daAuts
     D:5: 169 daAuts
